 Dungeon Crawl Stone Soup version 0.29-a0-923-g6e406bff71 (webtiles) character file.

Game seed: 13492517722183844964

107 LynnLen the Ruffian (level 4, 0/36 HPs)
             Began as a Draconian Transmuter on July 28, 2022.
             Slain by a gnoll
             ... wielding a +0 spear
              (2 damage)
             ... on level 4 of the Dungeon.
             The game lasted 00:05:28 (2466 turns).

LynnLen the Ruffian (Draconian Transmuter)          Turns: 2466, Time: 00:05:29

Health: 0/36       AC:  6    Str: 13    XL:     4   Next: 57%
Magic:  4/8        EV: 12    Int: 15    God:
Gold:   77         SH:  0    Dex: 11    Spells: 3/9 levels left

rFire   . . .      SeeInvis .     - Unarmed
rCold   . . .      Faith    .   (no shield)
rNeg    . . .      Spirit   .   (body armour unavailable)
rPois   .          Reflect  .   (helmet currently unavailable)
rElec   .          Harm     .   (no cloak)
rCorr   .          Rampage  .   f - +0 pair of gloves
Will    .....                   (boots currently unavailable)
Stlth   +.........              (no amulet)
HPRegen 0.12/turn               (no ring)
MPRegen 0.11/turn               (no ring)

@: appendages, wereblooded, invisible
A: horns 2, talons 2, AC +5, unfitting armour, cold-blooded
a: End Transformation


You were on level 4 of the Dungeon.
You had temporarily grown beastly horns and talons.
You visited 1 branch of the dungeon, and saw 4 of its levels.

You collected 77 gold pieces.

Inventory:

Missiles
 k - a throwing net
Armour
 f - a +0 pair of gloves (worn)
Wands
 i - a wand of polymorph (8)
Scrolls
 b - a scroll of poison
 e - a scroll of immolation
 g - a scroll of teleportation {unknown}
 h - a scroll of amnesia {unknown}
Potions
 a - a potion of lignification
 c - 2 potions of attraction
 d - a potion of flight


   Skills:
 + Level 1.8 Fighting
 * Level 1.9 Dodging
 + Level 4.1 Unarmed Combat
 * Level 3.1 Spellcasting
 + Level 2.4 Transmutations


You had 3 spell levels left.
You knew the following spells:

 Your Spells              Type           Power      Damage    Failure   Level
a - Beastly Appendage     Tmut           18%        N/A       8%          1
b - Wereblood             Tmut           9%         N/A       11%         2
c - Spider Form           Tmut/Pois      5%         N/A       36%         3

Your spell library contained the following spells:

 Spells                   Type           Power      Damage    Failure   Level
 Apportation              Tloc           4%         N/A       21%         1
 Ensorcelled Hibernation  Hex/Ice        4%         N/A       30%         2
 Ice Form                 Ice/Tmut       5%         N/A       77%         4
 Anguish                  Hex/Necr       1%         N/A       89%         4
 Alistair's Intoxication  Tmut/Pois      3%         N/A       98%         5


Dungeon Overview and Level Annotations

Branches:
Dungeon (4/15)
 Temple: D:4-7

Altars:


Innate Abilities, Weirdness & Mutations

You have temporarily grown beastly horns and talons.
Your plain brown scales are hard. (AC +5)
You cannot fit into any form of body armour.
You are cold-blooded and may be slowed by cold attacks.


Message History

You are very lightly contaminated with residual magic.
Nothing appears to happen.
The gnoll hits you with a +0 club. The gnoll barely misses you.
The gnoll hits you from afar with a +0 spear.
Casting: Beastly Appendage (safe; 8% risk of failure)
Press: ? - help, Q - select action, (/) - cycle Dir - look around, f - activate You grow a pair of large bovine horns.
Your feet morph into talons.
The gnoll hits you with a +0 club. The gnoll closely misses you.
The gnoll barely misses you.
Casting: Beastly Appendage (safe; 8% risk of failure)
Confirm with . or Enter, or press ? or * to list all spells.
Your blood is infused with primal strength.
The gnoll misses you. The gnoll hits you with a +0 whip.
The gnoll closely misses you.
You hit the gnoll. You claw the gnoll.
The gnoll is heavily wounded.
You hit the gnoll.
The gnoll is severely wounded.
The gnoll closely misses you. The gnoll hits you with a +0 whip.
The gnoll hits you from afar with a +0 spear.
You closely miss the gnoll.
Your tail-slap misses the gnoll.
The gnoll is severely wounded.
The gnoll closely misses you. The gnoll barely misses you.
The gnoll hits you with a +0 whip.
You hit the gnoll.
The gnoll is almost dead.
The gnoll hits you with a +0 club.
* * * LOW HITPOINT WARNING * * *
The gnoll barely misses you.
The gnoll hits you from afar with a +0 spear.
* * * LOW HITPOINT WARNING * * *
The gnoll hits you with a +0 club.
* * * LOW HITPOINT WARNING * * *
The gnoll closely misses you.
Your magical contamination has completely faded away.
It was a potion of invisibility.
You fade into invisibility!
The gnoll closely misses you. The gnoll barely misses you.
The gnoll hits you from afar with a +0 spear.
You die...

.?. # #.. .
##..##. ##
.....# .#
#...##.## .
#....#..# .#
#.......##.#.
#..<.....[...
##@g.........
##gg........
#..........
#..........
#.........?
#../.......
###########


You could see 3 gnolls.

Vanquished Creatures
  Terence (D:2)
  3 adders
  A worm (D:2)
  3 dart slugs
  An orc (D:3)
  A bat (D:1)
  3 endoplasms (D:1)
  3 giant cockroaches (D:1)
  5 goblins
  3 hobgoblins
  4 jackals
  3 kobolds
  A quokka (D:1)
  3 ball pythons
  3 frilled lizards
  7 rats
45 creatures vanquished.

Notes
Turn   | Place    | Note
-------+----------+-------------------------------------------
     0 | D:1      | LynnLen the Draconian Transmuter began the quest for the
                  | Orb.
     0 | D:1      | Reached XP level 1. HP: 16/16 MP: 3/3
   243 | D:1      | Reached XP level 2. HP: 20/23 MP: 5/5
   494 | D:1      | Found a faded altar of an unknown god.
  1119 | D:2      | Reached XP level 3. HP: 28/28 MP: 4/6
  1129 | D:2      | Learned a level 2 spell: Wereblood
  1133 | D:2      | Learned a level 3 spell: Spider Form
  1854 | D:2      | Noticed Terence
  1872 | D:2      | Killed Terence
  1873 | D:2      | Reached XP level 4. HP: 16/35 MP: 8/8
  2248 | D:3      | Reached skill level 4 in Unarmed Combat
  2466 | D:4      | Slain by a gnoll

Illustrated notes

Levels and vault maps discovered:
D:1:      dpeg_chamrin_arrival_tetris, layout_loops_ring, basic_ecumenical_altar
D:2:      layout_basic, uniq_terence
D:3:      minmay_razor_zed, layout_loops_cross, serial_shops, nicolae_shop_trees
D:4:      minmay_thinvault, layout_rooms, mainiacjoe_overflow_tiny_flanked,
          minmay_temple_entry_statues_fountains

Skill      XL: |  1  2  3  4 |
---------------+-------------+-----
Unarmed Combat | 4 |  4.1
Spellcasting   | 3 |  3.1
Fighting       | |  1.8
Dodging        | |  1.9
Transmutations | |  2.4

Action                   |  1- 3 |  4- 6 || total
-------------------------+-------+-------++-------
Melee: Unarmed           |   109 |    25 ||   134
       Headbutt          |    17 |     6 ||    23
       Kick              |    21 |     5 ||    26
       Punch             |     6 |     1 ||     7
       Tailslap          |     7 |     3 ||    10
 Cast: Beastly Appendage |    25 |     5 ||    30
       Wereblood         |       |     1 ||     1
  Use: Scroll            |     3 |     1 ||     4
       Potion            |       |     1 ||     1
 Stab: Sleeping          |       |     1 ||     1
Armor: Skin              |    24 |    12 ||    36
Dodge: Dodged            |    59 |    32 ||    91

Table legend: (Time is in decaauts)
 A = Elapsed time spent in this place.
 B = Non-inter-level travel time spent in this place.
 C = Inter-level travel time spent in this place.
 D = Time resting spent in this place.
 E = Time spent auto-exploring this place.
 F = Levels seen in this place.
 G = Mean time per level.
                   A        B        C        D        E       F      G
               +--------+--------+--------+--------+--------+-----+--------+
         Total |   2457 |   2457 |      0 |    100 |   1634 |   4 |  614.2 |
       Dungeon |   2457 |   2457 |      0 |    100 |   1634 |   4 |  614.2 |
               +--------+--------+--------+--------+--------+-----+--------+

Top non-repeatable levels by time:
     D:1: 1083 daAuts
     D:2: 1083 daAuts
     D:3: 265 daAuts
     D:4: 24 daAuts
